 Dungeon Crawl Stone Soup version 0.28.0-43-g3370ac3207 (webtiles) character file.

Game seed: 3898198483363893661

3785 Descartes the Ruffian (level 9, -2/87 HPs)
             Began as a Troll Warper on Mar 1, 2022.
             Was a Priest of Elyvilon.
             Slain by Maggie
             ... wielding a +0 scimitar of flaming
              (4 damage)
             ... on level 7 of the Dungeon.
             The game lasted 00:13:45 (5780 turns).

Descartes the Ruffian (Troll Warper)                Turns: 5780, Time: 00:13:45

Health: -2/87      AC:  6    Str: 19    XL:     9   Next: 95%
Magic:  13/13      EV: 11    Int: 11    God:    Elyvilon [***...]
Gold:   311        SH:  0    Dex: 11    Spells: 7/15 levels left

rFire   . . .      SeeInvis .     - Unarmed
rCold   . . .      Faith    .   (no shield)
rNeg    . . .      Spirit   .   a - +0 robe
rPois   .          Reflect  .   (helmet restricted)
rElec   .          Harm     .   x - +1 cloak
rCorr   .          Rampage  .   (gloves unavailable)
Will    .....                   (boots unavailable)
Stlth   +.........              p - amulet of regeneration
HPRegen 1.84/turn               (no ring)
MPRegen 0.13/turn               (no ring)

@: mesmerised, hasted, very quick
A: large, unfitting armour, claws 3, regeneration 1, shaggy fur 1, tough skin 1,
weak 1, MP-powered wands
a: Renounce Religion, Purification, Heal Other, Heal Self


You were on level 7 of the Dungeon.
You worshipped Elyvilon.
Elyvilon was most pleased with you.
You visited 2 branches of the dungeon, and saw 8 of its levels.

You collected 311 gold pieces.

Inventory:

Missiles
 c - 19 boomerangs of dispersal (quivered)
 f - 170 stones
 g - 23 sling bullets
 q - 5 throwing nets
 y - 5 boomerangs
 B - 2 silver boomerangs
 C - 6 poisoned darts
Armour
 a - a +0 robe (worn)
 e - a scarf of repulsion
 x - a +1 cloak (worn)
Jewellery
 p - an amulet of regeneration (around neck)
 E - a ring of poison resistance
Wands
 k - a wand of acid (16)
 s - a wand of digging (4)
Scrolls
 b - a scroll of blinking
 h - a scroll of teleportation {unknown}
 i - 3 scrolls of identify {unknown}
 j - 2 scrolls of fog {unknown}
 m - a scroll of fear {unknown}
 o - a scroll of immolation {unknown}
 r - a scroll of enchant armour {unknown}
 t - a scroll of brand weapon {unknown}
 u - a scroll of magic mapping {unknown}
 v - a scroll of noise {unknown}
 w - a scroll of torment {unknown}
Potions
 d - a potion of resistance {unknown}
 l - a potion of haste
 n - 2 potions of curing
 z - a potion of mutation
 A - a potion of might {unknown}
 D - a potion of heal wounds {unknown}


   Skills:
 + Level 4.9 Fighting
 + Level 5.1 Throwing
 - Level 5.0 Dodging
 + Level 5.8 Unarmed Combat
 + Level 3.7 Spellcasting
 + Level 4.8 Translocations
 + Level 2.7 Evocations


You had 7 spell levels left.
You knew the following spells:

 Your Spells              Type           Power      Damage    Failure   Level
a - Manifold Assault      Tloc           12%        N/A       67%         5
b - Blink                 Tloc           24%        N/A       4%          2
c - Sting                 Tmut/Pois      8%         1d3       24%         1

Your spell library contained the following spells:

 Spells                   Type           Power      Damage    Failure   Level
 Gell's Gravitas          Tloc           12%        N/A       10%         3
 Lesser Beckoning         Tloc           12%        N/A       10%         3
 Teleport Other           Tloc           12%        N/A       10%         3
 Foxfire                  Conj/Fire      8%         2x1d4     24%         1
 Poisonous Vapours        Pois/Air       4%         N/A       36%         2
 Conjure Flame            Conj/Fire      2%         6-21      58%         3
 Inner Flame              Hex/Fire       2%         N/A       58%         3
 Tukima's Dance           Hex            2%         N/A       58%         3
 Anguish                  Hex/Necr       1%         N/A       94%         4
 Flame Wave               Conj/Fire      2%         2d4       94%         4
 Olgreb's Toxic Radiance  Pois           2%         N/A       94%         4
 Summon Ice Beast         Ice/Summ       2%         N/A       94%         4
 Summon Lightning Spire   Summ/Air       2%         N/A       94%         4
 Fireball                 Conj/Fire      1%         3d3       100%        5
 Iskenderun's Battlesphe  Conj           2%         2d6       100%        5
 Conjure Ball Lightning   Conj/Air       1%         3x3d6     100%        6
 Enfeeble                 Hex            1%         N/A       100%        7
 Orb of Destruction       Conj           1%         9d5       100%        7
 Dragon's Call            Summ           1%         N/A       100%        9


Dungeon Overview and Level Annotations

Branches:
Dungeon (7/15)             Temple (1/1) D:4

Altars:
Ashenzari
Cheibriados
Dithmenos
Elyvilon
Gozag
Hepliaklqana
Kikubaaqudgha
Makhleb
Nemelex Xobeh
Qazlal
Ru
Sif Muna
Trog
Vehumet
Wu Jian
Xom
Yredelemnul
Zin
The Shining One

Annotations:
D:7 Maggie


Innate Abilities, Weirdness & Mutations

You are too large for most types of armour.
You have claws for hands.
Your natural rate of healing is unusually fast.
You are covered in fur. (AC +1)
You have tough skin. (AC +1)
You are weak. (Str -2)
You expend magic power (3 MP) to strengthen your wands.


Message History

It was a potion of haste.
You feel yourself speed up.
Maggie casts a spell.
Maggie draws you further into her thrall.
You closely miss Maggie. Your claw misses Maggie.
Maggie is lightly wounded.
Maggie hits you with a +0 scimitar of flaming!
* * * LOW HITPOINT WARNING * * *
Maggie burns you.
* * * LOW HITPOINT WARNING * * *
You feel better.
The sentinel's mark upon you fades away.
It was a potion of mutation.
You feel extremely strange.
You feel weaker.
You feel your magical essence link to the dungeon's wands.
You are no longer corroded.
Maggie gestures at you while chanting. The bolt of fire hits you!
* * * LOW HITPOINT WARNING * * *
Okay, then.
You feel as though your hastened speed will last longer.
Maggie misses you.
You scratch Maggie.
Maggie is lightly wounded.
You scratch Maggie but do no damage.
Maggie is lightly wounded.
Maggie hits you with a +0 scimitar of flaming!
Elyvilon protects you from harm! Maggie burns you.
* * * LOW HITPOINT WARNING * * *
You scratch Maggie but do no damage. You claw Maggie, but do no damage.
Maggie is lightly wounded.
You closely miss Maggie.
Maggie is lightly wounded.
Maggie barely misses you.
You barely miss Maggie.
Maggie is lightly wounded.
Maggie hits you with a +0 scimitar of flaming!
* * * LOW HITPOINT WARNING * * *
Maggie burns you.
You die...

### .# ##.## #.#
########.#)###.#
........###.##.# ##
########.#†###.# .. #####
##.####.### #. ...#
#....#.#..
#..#####.####.###.....
#...@@........###....#
......$####.###...##.....
....... #.# ##....##..#
>###.## #.# ###.###..# #.
#.# #># #..# # #.# #.#
#..# #.# #.# #).# #.#
#.###... #.# #.......


You could see Maggie (mesmerising).

Vanquished Creatures
  Harold (D:7)
  Grinder (D:3)
  5 yaks (D:6)
  Menkaure (D:4)
  An acid dragon (D:7)
  A water moccasin (D:5)
  An orc warrior (D:6)
  2 ogres
  A centaur (D:7)
  5 phantoms
  A kobold brigand (D:6)
  2 bullfrogs
  A wyvern zombie (D:5)
  A gnoll sergeant (D:5)
  4 hounds
  A bullfrog zombie (D:6)
  2 orc priests
  Ijyb (D:4)
  Jessica (D:2)
  Natasha (thrice) (D:4)
  3 orc wizards
  4 iguanas
  A killer bee zombie (D:5)
  14 gnolls
  9 adders
  A shadow imp (D:7)
  2 white imps
  An ufetubus (D:5)
  6 dart slugs
  27 orcs
  8 bats
  9 endoplasms
  3 giant cockroaches
  A goblin (D:4)
  4 hobgoblins
  13 jackals
  10 kobolds
  2 quokkas
  11 ball pythons
  4 frilled lizards
  6 rats
175 creatures vanquished.

Vanquished Creatures (others)
  2 fungi (D:5)
2 creatures vanquished.

Grand Total: 177 creatures vanquished

Notes
Turn   | Place    | Note
-------+----------+-------------------------------------------
     0 | D:1      | Descartes the Troll Warper began the quest for the Orb.
     0 | D:1      | Reached XP level 1. HP: 19/19 MP: 1/1
    21 | D:1      | Reached skill level 1 in Throwing
   138 | D:1      | Reached XP level 2. HP: 28/28 MP: 2/2
   797 | D:1      | Reached XP level 3. HP: 35/35 MP: 4/4
  1075 | D:2      | Reached XP level 4. HP: 42/42 MP: 5/5
  1348 | D:2      | Noticed Jessica
  1354 | D:2      | Killed Jessica
  1852 | D:2      | Reached XP level 5. HP: 49/49 MP: 6/6
  2759 | D:4      | Noticed Grinder
  2768 | D:3      | Learned a level 5 spell: Manifold Assault
  2771 | D:3      | Learned a level 2 spell: Blink
  2777 | D:4      | Paralysed by Grinder for 5 turns
  2815 | D:3      | Paralysed by Grinder for 3 turns
  2821 | D:3      | Killed Grinder
  2822 | D:3      | Reached XP level 6. HP: 12/59 MP: 6/8
  2868 | D:4      | Noticed Ijyb
  2881 | D:4      | Killed Ijyb
  2929 | D:4      | Noticed Menkaure
  2951 | D:4      | Killed Menkaure
  2952 | D:4      | Reached XP level 7. HP: 61/67 MP: 9/9
  3064 | D:4      | Found a staircase to the Ecumenical Temple.
  3073 | Temple   | Entered the Ecumenical Temple
  3172 | Temple   | Became a worshipper of Elyvilon the Healer
  3333 | D:4      | Noticed Natasha
  3364 | D:4      | Killed Natasha
  3452 | D:4      | Noticed Natasha
  3455 | D:4      | Killed Natasha
  3509 | D:4      | Noticed Natasha
  3517 | D:4      | Killed Natasha
  3628 | D:5      | Entered Level 5 of the Dungeon
  3643 | D:5      | Found a radiant altar of Vehumet.
  3649 | D:5      | Learned a level 1 spell: Sting
  3759 | D:5      | Reached * piety under Elyvilon
  3797 | D:5      | HP: 3/67 [wyvern zombie (8)]
  3810 | D:5      | Reached XP level 8. HP: 25/75 MP: 10/10
  4123 | D:5      | Elyvilon protects you from harm!
  4385 | D:5      | Reached ** piety under Elyvilon
  4462 | D:5      | Found a broken altar of Ashenzari.
  4536 | D:5      | Saw a vision of the Swamp and the Spider Nest.
  4536 | D:5      | Noticed a hornet
  4536 | D:5      | Noticed a wolf spider
  4536 | D:5      | Noticed a will-o-the-wisp
  4536 | D:5      | Noticed an alligator
  4538 | D:5      | Noticed an alligator
  4568 | D:5      | Found a glowing golden altar of the Shining One.
  4742 | D:6      | Reached skill level 1 in Evocations
  4754 | D:6      | Got the Almanac of Quantum Calling
  5078 | D:6      | Reached skill level 5 in Unarmed Combat
  5078 | D:6      | Reached XP level 9. HP: 78/84 MP: 12/12
  5182 | D:6      | Reached *** piety under Elyvilon
  5661 | D:7      | Noticed Harold
  5677 | D:7      | Killed Harold
  5678 | D:7      | Reached skill level 5 in Throwing
  5678 | D:7      | Reached skill level 5 in Dodging
  5752 | D:7      | Noticed Maggie
  5774 | D:7      | Gained mutation: You are weak. (Str -2) [potion of
                  | mutation]
  5774 | D:7      | Gained mutation: You expend magic power (3 MP) to
                  | strengthen your wands. [potion of mutation]
  5777 | D:7      | Elyvilon protects you from harm!
  5780 | D:7      | HP: 2/87 [Maggie/+0 scimitar of flaming (10)]
  5780 | D:7      | Slain by Maggie

Illustrated notes

Levels and vault maps discovered:
D:1:      dpeg_arrival_arbitrary_b, layout_basic, minmay_hexomino_f4
D:2:      layout_loops_corners, kennysheep_doodads, uniq_jessica
D:3:      layout_basic
D:4:      layout_rooms, minmay_temple_entry_stoned_glass, lemuel_old_faithful,
          uniq_natasha, uniq_ijyb, uniq_grinder, uniq_menkaure
D:5:      layout_gridville, minitemple, grunt_ashenzari_visionary
          [grunt_ashenzari_visionary_swamp, grunt_ashenzari_visionary_spider]
D:6:      layout_basic, chequers_jeans, wad_floor_pattern_2,
          minmay_unpleasant_kobolds
D:7:      layout_loops_ring, lightli_church_of_beogh, uniq_maggie, uniq_harold
Temple:   lightli_temple_of_artemis

Skill      XL: |  1  2  3  4  5  6  7  8  9 |
---------------+----------------------------+-----
Throwing       | 1 2 3 4 5 |  5.1
Dodging        | 2 3 4 5 |  5.0
Fighting       | 2 3 4 |  4.9
Unarmed Combat | 3 4 5 |  5.8
Spellcasting   | 2 3 |  3.7
Translocations | 3 4 |  4.8
Evocations     | 1 2 |  2.7

Action                   |  1- 3 |  4- 6 |  7- 9 || total
-------------------------+-------+-------+-------++-------
Melee: Unarmed           |    74 |   190 |   407 ||   671
       Punch             |     3 |     2 |    15 ||    20
  Use: Potion            |       |       |     6 ||     6
Armor: Robe              |    24 |    61 |   119 ||   204
Dodge: Dodged            |    42 |    80 |   235 ||   357
       Repelled          |     1 |     1 |     1 ||     3
